 Dungeon Crawl Stone Soup version 0.21-a0-460-g737a915 (webtiles) character file.

3390 slep the Spear-Bearer (level 9, -1/79 HPs)
             Began as a Minotaur Monk on Nov 21, 2017.
             Was an Elder of Okawaru.
             Slain by a shadow (5 damage)
             ... on level 8 of the Dungeon.
             The game lasted 00:32:07 (7330 turns).

slep the Spear-Bearer (Minotaur Monk)               Turns: 7330, Time: 00:32:08

Health: -1/79      AC:  6    Str: 16    XL:     9   Next: 74%
Magic:  8/8        EV: 13    Int:  7    God:    Okawaru [****..]
Gold:   17         SH:  0    Dex: 13    Spells: 8/8 levels left

rFire    . . .     SeeInvis .   N - +4 flail (curse)
rCold    . . .     Gourm    +   (no shield)
rNeg     . . .     Faith    .   t - +0 ring mail (curse)
rPois    .         Spirit   .   (helmet restricted)
rElec    .         Reflect  .   (no cloak)
rCorr    .         Harm     .   (no gloves)
MR       +....                  (no boots)
Stlth    ++........             O - amulet of the gourmand
HPRegen  0.23/turn              C - -3 ring of dexterity (curse)
MPRegen  0.11/turn              G - ring of protection from magic

@: drained
A: retaliatory headbutt, horns 2
a: Heroism, Renounce Religion


You were on level 8 of the Dungeon.
You worshipped Okawaru.
Okawaru was greatly pleased with you.
You were not hungry.

You visited 1 branch of the dungeon, and saw 8 of its levels.

You collected 17 gold pieces.

Inventory:

Hand Weapons
 a - a +0 falchion
 v - a +0 trident of piercing
 F - the +7 shortbow "Viuddaida" {velocity, rN+ Int+4}
   (You found it on level 5 of the Dungeon)

   Any arrow fired from it inflicts extra damage.
   It affects your intelligence (+4).
   It protects you from negative energy.
 J - a +1 whip of flaming
 N - a cursed +4 flail (weapon)
Missiles
 H - 97 arrows
 L - 12 poisoned needles
 P - 5 tomahawks of returning (quivered)
Armour
 b - a +0 robe
 j - a +0 chain mail
 t - a cursed +0 ring mail (worn)
 K - a +0 robe of magic resistance
Magical Staves
 q - an uncursed staff of death {unknown}
Jewellery
 k - a +3 amulet of reflection
 A - an uncursed ring of see invisible
 C - a cursed -3 ring of dexterity (left hand)
 G - a ring of protection from magic (right hand)
 O - an amulet of the gourmand (around neck)
Wands
 E - a wand of flame (17)
 M - a wand of polymorph (13)
Scrolls
 d - 18 scrolls of identify {unknown}
 e - a scroll of enchant armour {unknown}
 g - a scroll of fog {unknown}
 l - 3 scrolls of fear {unknown}
 n - 3 scrolls of teleportation {unknown}
 o - a scroll of amnesia {unknown}
 r - 2 scrolls of blinking {unknown}
 s - 5 scrolls of remove curse {unknown}
 u - a scroll of magic mapping {unknown}
 w - a scroll of enchant weapon {unknown}
Potions
 i - a potion of haste
 m - 4 potions of curing
 p - 2 potions of heal wounds
 Q - a potion of degeneration {unknown}
Comestibles
 c - 14 bread rations
 f - 4 royal jellies
 h - 2 chunks of flesh
 B - 2 fruits
 I - 4 meat rations


   Skills:
 + Level 7.4(7.2) Fighting
 + Level 5.7(5.5) Long Blades
 + Level 6.1(5.9) Maces & Flails
 + Level 8.2(8.0) Polearms
 + Level 0.7(0.5) Bows
 + Level 0.4(0.2) Throwing
 + Level 7.4(7.2) Armour
 + Level 6.0(5.8) Dodging
 + Level 3.1(2.9) Stealth


You had 8 spell levels left.
You didn't know any spells.

Dungeon Overview and Level Annotations

Branches:
Dungeon (8/15)             Temple (0/1) D:6
   Lair: D:8-11

Altars:
Cheibriados
Dithmenos
Fedhas
Gozag
Kikubaaqudgha
Okawaru
Ru
Trog
Uskayaw
Xom

Shops:
D:4 (

Annotations:
D:8 Maurice


Innate Abilities, Weirdness & Mutations

You reflexively headbutt those who attack you in melee.
You have a pair of horns on your head.


Message History

You barely miss the shadow.
The shadow is heavily damaged.
The shadow barely misses you.
You closely miss the shadow.
The shadow is heavily damaged.
The shadow hits you.
* * * LOW HITPOINT WARNING * * *
Maurice casts a spell.
Maurice blinks!
You completely miss the shadow.
The shadow is heavily damaged.
The shadow hits you.
You hit the shadow but do no damage.
The shadow is moderately damaged.
The shadow hits you.
* * * LOW HITPOINT WARNING * * *
You closely miss the shadow. Your headbutt misses the shadow.
The shadow is moderately damaged.
The shadow completely misses you. The shadow hits you.
You die...

# ##......# #
####.......# #
#..........##
###........@..#
..............###
###.............#####
....................#
[......####......)..#
..#....# #.....@W..#
#......# #.........#
###....####..........#
##.................#
###..###...........#
##.# #.........###
#.##..........#
#.##..#(.###### ...


You could see Maurice and a shadow.

Vanquished Creatures
  Pikel (D:6)
  Prince Ribbit (D:7)
  A hippogriff (D:8)
  2 water moccasins
  2 black bears (D:7)
  4 ogres
  3 centaurs
  2 bullfrogs
  A wyvern skeleton (D:7)
  3 scorpions
  5 wights (D:8)
  A howler monkey (D:4)
  5 crimson imps
  2 centaur zombies (D:5)
  4 orc priests
  3 hounds
  A centaur skeleton (D:4)
  2 jellies
  Jessica (D:2)
  An iguana (D:7)
  3 orc wizards
  A worker ant (D:7)
  2 hound skeletons
  A river rat (D:5)
  13 adders
  3 shadow imps
  An adder skeleton (D:4)
  5 worms
  7 leopard geckos
  17 orcs
  6 ball pythons
  5 giant cockroaches
  7 goblins
  6 hobgoblins
  9 jackals
  4 kobolds
  4 quokkas
  4 bats
  4 frilled lizards
  A jackal zombie (D:5)
  A leopard gecko zombie (D:3)
  A quokka skeleton (D:8)
  9 rats
159 creatures vanquished.

Vanquished Creatures (others)
  A dart slug (D:6)
1 creature vanquished.

Grand Total: 160 creatures vanquished

Notes
Turn   | Place    | Note
-------+----------+-------------------------------------------
     0 | D:1      | slep the Minotaur Monk began the quest for the Orb.
     0 | D:1      | Reached XP level 1. HP: 19/19 MP: 0/0
   337 | D:1      | Reached XP level 2. HP: 27/27 MP: 1/1
  1267 | D:2      | Reached XP level 3. HP: 30/33 MP: 2/2
  1347 | D:2      | Noticed a bullfrog
  1352 | D:2      | Killed a bullfrog
  1352 | D:2      | Reached XP level 4. HP: 29/41 MP: 3/3
  1398 | D:2      | Found an opulent altar of Gozag.
  1653 | D:2      | Noticed Jessica
  1656 | D:2      | Killed Jessica
  1656 | D:2      | Reached skill level 5 in Long Blades
  1656 | D:2      | Reached skill level 1 in Armour
  1929 | D:3      | HP: 2/41 [something (2)]
  1954 | D:3      | Reached XP level 5. HP: 22/47 MP: 4/4
  1972 | D:3      | Found a shimmering altar of Xom.
  2064 | D:3      | Found a shimmering altar of Xom.
  2600 | D:4      | Found Axirgh's Weapon Boutique.
  2699 | D:4      | Found a sacrificial altar of Ru.
  2798 | D:4      | Reached skill level 1 in Polearms
  2822 | D:4      | Reached XP level 6. HP: 41/53 MP: 5/5
  3071 | D:5      | Entered Level 5 of the Dungeon
  3085 | D:5      | Reached skill level 2 in Polearms
  3099 | D:5      | Got a faintly glowing shortbow
  3110 | D:5      | Reached skill level 3 in Polearms
  3148 | D:5      | Identified the +7 shortbow "Viuddaida" {velocity, rN+ Int+4} (You found it on level 5 of the Dungeon)
  3150 | D:5      | Reached skill level 5 in Fighting
  3239 | D:5      | Found a hide-covered altar of Uskayaw.
  3422 | D:5      | Reached XP level 7. HP: 31/61 MP: 6/6
  3480 | D:5      | Reached skill level 4 in Polearms
  3552 | D:5      | Reached skill level 5 in Polearms
  4232 | D:6      | Found an iron altar of Okawaru.
  4235 | D:6      | Became a worshipper of Warmaster Okawaru
  4235 | D:6      | Reached * piety under Okawaru
  4235 | D:6      | Reached ** piety under Okawaru
  4327 | D:6      | Found a shadowy altar of Dithmenos.
  4360 | D:6      | Noticed Pikel
  4375 | D:6      | Killed Pikel
  4375 | D:6      | Reached skill level 7 in Polearms
  4375 | D:6      | Reached skill level 5 in Armour
  4375 | D:6      | Reached XP level 8. HP: 45/70 MP: 7/7
  4493 | D:6      | Found a snail-covered altar of Cheibriados.
  4647 | D:6      | Reached *** piety under Okawaru
  4684 | D:6      | Found a blossoming altar of Fedhas.
  4707 | D:6      | Reached skill level 5 in Dodging
  4709 | D:6      | Reached skill level 1 in Maces & Flails
  4844 | D:6      | Found a staircase to the Ecumenical Temple.
  4957 | D:7      | Reached skill level 8 in Polearms
  5497 | D:7      | Reached XP level 9. HP: 68/75 MP: 8/8
  5904 | D:7      | Found a bloodstained altar of Trog.
  5908 | D:7      | Reached **** piety under Okawaru
  6224 | D:8      | Noticed Prince Ribbit
  6466 | D:7      | Killed Prince Ribbit
  6703 | D:8      | Reached skill level 5 in Maces & Flails
  7166 | D:8      | Found an ancient bone altar of Kikubaaqudgha.
  7223 | D:8      | Noticed Maurice
  7330 | D:8      | Slain by a shadow

Vault maps used:
D:1:      minmay_arrival_jagged
D:2:      lemuel_coloured_pillars_altar, uniq_jessica
D:3:      xom_butterflies, xom_teletrap_fun
D:4:      nicolae_overflow_hidden_temple, first_bread, serial_shops, shop,
          minmay_misc_feat_hallway
D:5:      eat_drink_and_be_merry_uskayaw, gup_sewer_entry_spiral
D:6:      overflow_temple_1_default, kennysheep_slug_shrine,
          grunt_dithmenos_smoke, okawaru_trees_2,
          minmay_temple_entry_nine_rooms, uniq_pikel
D:7:      trog_ov_bears_minmay
D:8:      overflow_temple_1_default, kiku_gazebo_pond_becter,
          uniq_prince_ribbit1, uniq_maurice, uniq_erica, uniq_joseph

Skill      XL: |  1  2  3  4  5  6  7  8  9 |
---------------+----------------------------+-----
Long Blades    | 4 5 |  5.7
Fighting       | 4 5 6 7 |  7.4
Stealth        | 2 3 |  3.1
Armour         | 1 2 3 5 6 7 |  7.4
Dodging        | 4 5 6 |  6.0
Polearms       | 1 3 7 8 |  8.2
Maces & Flails | 2 6 |  6.1
Bows           | |  0.7
Throwing       | |  0.4

Action                   |  1- 3 |  4- 6 |  7- 9 || total
-------------------------+-------+-------+-------++-------
Melee: Falchion          |    62 |    49 |       ||   111
       Headbutt          |     8 |    21 |    65 ||    94
       Trident           |       |    86 |   135 ||   221
       Whip              |       |       |   177 ||   177
       Flail             |       |       |    51 ||    51
       Dagger            |       |       |    10 ||    10
 Fire: Shortbow          |       |     2 |       ||     2
Throw: Tomahawk          |       |       |     5 ||     5
Evoke: Wand              |       |     1 |       ||     1
  Use: Potion            |       |     2 |     7 ||     9
 Stab: Sleeping          |     3 |       |     1 ||     4
       Invisible         |       |     3 |       ||     3
  Eat: Chunk             |     1 |     7 |    22 ||    30
Armor: Robe              |     9 |       |       ||     9
       Chain mail        |    22 |    47 |       ||    69
       Ring mail         |       |     7 |    69 ||    76
Dodge: Dodged            |    31 |    56 |   220 ||   307
Block: Other             |     3 |    22 |    35 ||    60
       Reflection        |       |     1 |     2 ||     3
       Rpst.: Falchion   |     6 |     2 |       ||     8

Table legend:
 A = Spawn XP
 B = Non-spawn XP
 C = Spawn XP percentage of total XP
 D = Spawn monster count
 E = Non-spawn monster count
 F = Spawn count percentage of total count
 G = Total turns spent on level
                    A         B        C        D         E        F      G
               +---------+---------+-------+---------+---------+-------+---------
         Total |       0 |    4844 |   0.0 |       0 |     159 |   0.0 |  7330
               +---------+---------+-------+---------+---------+-------+---------
           D:1 |       0 |      29 |   0.0 |       0 |      19 |   0.0 |   860
           D:2 |       0 |     140 |   0.0 |       0 |      13 |   0.0 |   963
           D:3 |       0 |     147 |   0.0 |       0 |      24 |   0.0 |   695
           D:4 |       0 |     119 |   0.0 |       0 |       6 |   0.0 |   553
           D:5 |       0 |     792 |   0.0 |       0 |      26 |   0.0 |  1110
           D:6 |       0 |    1160 |   0.0 |       0 |      28 |   0.0 |   909
           D:7 |       0 |    1503 |   0.0 |       0 |      29 |   0.0 |  1874
           D:8 |       0 |     954 |   0.0 |       0 |      14 |   0.0 |   366
               +---------+---------+-------+---------+---------+-------+---------
